 Dungeon Crawl Stone Soup version 0.30-a0-867-g305f33218d (webtiles) character file.

Game seed: 10787394114676199110

149 Dittersdorf the Trooper (level 5, -3/33 HPs)
             Began as a Gargoyle Fighter on Mar 10, 2023.
             Slain by Menkaure (17 damage)
             ... on level 4 of the Dungeon.
             The game lasted 00:03:18 (2137 turns).

Dittersdorf the Trooper (Gargoyle Fighter)          Turns: 2137, Time: 00:03:19

Health: -3/33      AC: 14    Str: 22    XL:     5   Next: 31%
Magic:  5/5        EV:  7    Int: 14    God:
Gold:   42         SH:  4    Dex:  9    Spells: 4/4 levels left

rFire   . . .      SeeInvis .    a - +1 flail
rCold   . . .      Faith    .    c - +0 buckler
rNeg    + . .      Spirit   .    l - +0 chain mail
rPois   ∞          Reflect  .    (no helmet)
rElec   +          Rampage  .    (no cloak)
rCorr   .                        i - +0 pair of gloves
Will    .....                    (no boots) Stlth
                                 (no amulet)
HPRegen 0.25/turn                o - +4 ring of slaying
MPRegen 0.09/turn                v - +6 ring of intelligence

@: no status effects
A: sickness immunity, AC +4, negative energy resistance 1, electricity
resistance, torment resistance 1, petrification resistance
a: no special abilities


You were on level 4 of the Dungeon.
You visited 1 branch of the dungeon, and saw 4 of its levels.

You collected 97 gold pieces.
You spent 55 gold pieces at shops.

Inventory:

Hand Weapons
 a - a +1 flail (weapon)
Missiles
 w - 2 throwing nets (quivered)
Armour
 c - a +0 buckler (worn)
 i - a +0 pair of gloves (worn)
 l - a +0 chain mail (worn)
Jewellery
 b - a ring of fire
 o - a +4 ring of slaying (left hand)
 v - a +6 ring of intelligence (right hand)
Scrolls
 h - a scroll of fear
 n - a scroll of amnesia {unknown}
 q - 4 scrolls of fog
 t - a scroll of enchant armour {unknown}
 x - a scroll of poison {unknown}
 y - a scroll of immolation {unknown}
Potions
 d - a potion of might
 e - 2 potions of haste
 k - a potion of invisibility
 r - a potion of heal wounds
 s - a potion of resistance {unknown}
 u - 2 potions of curing {unknown}
 z - a potion of attraction {unknown}


   Skills:
 + Level 4.2 Fighting
 + Level 3.1 Maces & Flails
 + Level 4.2 Armour
 + Level 4.2 Shields


You had 4 spell levels left.
You didn't know any spells.
Your spell library was empty.

Dungeon Overview and Level Annotations

Branches:
Dungeon (4/15)
 Temple: D:4-7

Altars:
Fedhas
Trog

Shops:
D:2 !   D:3 [

Annotations:
D:4 Menkaure


Innate Abilities, Weirdness & Mutations

You are immune to sickness and miasma.
Your stone body is resilient. (AC +4)
You are immune to poison.
You resist negative energy. (rN+)
You are resistant to electric shocks. (rElec)
You are resistant to unholy torment.
You are immune to petrification.


Message History

m - a potion of lignification Autopickup disabled for potions of lignification.
You drop a potion of lignification.
As you read the scroll labelled TEAROSEPHE, it crumbles to dust.
You feel strangely unstable.
It was a scroll of teleportation.
As you read the scroll labelled WYADWE ATIEFRAI, it crumbles to dust.
It is a scroll of enchant weapon.
Your +0 flail glows red for a moment.
Okay, then.
a - a +1 flail (weapon)
You drop a +3 mace.
Your surroundings suddenly seem different.
Menkaure, Prince of Dust comes into view.
Found a stone staircase leading down.
Menkaure shouts!
Okay, then.
A centaur comes into view.
The centaur shouts!
You hear an angry hiss.
A water moccasin zombie comes into view.
An adder comes into view.
You hit Menkaure.
Menkaure is lightly damaged.
Menkaure calls on the powers of darkness!
The centaur convulses!
Your body is wracked with pain!
The adder convulses!
You barely miss Menkaure.
Menkaure is lightly damaged.
Menkaure casts a spell at you. Pain shoots through your body!
You hit Menkaure.
Menkaure is lightly damaged.
Menkaure rustles in an indecipherable tongue.
Menkaure hits you!
You completely miss Menkaure.
Menkaure is lightly damaged.
Menkaure barely misses you.
You hit Menkaure but do no damage.
Menkaure is lightly damaged.
Menkaure hits you!
Ouch! That really hurt!
You die...

# #.### ...
####.#### .
#.......####..8.
#.......@McSZ..8
#..>....####....
#...###.### #
### #.# #.# #.#
#.# #.#


You could see Menkaure, a centaur, an adder and a water moccasin zombie.

Vanquished Creatures
  Jessica (D:2)
  4 gnolls (D:3)
  4 adders
  7 ball pythons
  6 bats
  6 endoplasms
  A giant cockroach (D:1)
  2 goblins
  6 hobgoblins
  3 quokkas (D:1)
  3 frilled lizards
  4 kobolds
  3 rats
50 creatures vanquished.

Vanquished Creatures (others)
  8 fungi (D:3)
  3 plants (D:3)
11 creatures vanquished.

Grand Total: 61 creatures vanquished

Notes
Turn   | Place    | Note
-------+----------+-------------------------------------------
     0 | D:1      | Dittersdorf the Gargoyle Fighter began the quest for the
                  | Orb.
     0 | D:1      | Reached XP level 1. HP: 14/14 MP: 1/1
   140 | D:1      | Found a faded altar of an unknown god.
   157 | D:1      | Reached XP level 2. HP: 19/19 MP: 2/2
   613 | D:1      | Reached XP level 3. HP: 19/24 MP: 3/3
   782 | D:2      | Noticed Jessica
   810 | D:2      | Killed Jessica
   811 | D:2      | Reached XP level 4. HP: 7/29 MP: 4/4
  1246 | D:2      | Found Usuagg's Distillery.
  1254 | D:2      | Bought a potion of heal wounds for 55 gold pieces
  1520 | D:3      | Found Liotuuma's Antique Armour Emporium.
  1693 | D:3      | Reached XP level 5. HP: 26/33 MP: 5/5
  1728 | D:3      | Found a faded altar of an unknown god.
  1736 | D:3      | Found a bloodstained altar of Trog.
  1792 | D:3      | Found a blossoming altar of Fedhas.
  2129 | D:4      | Noticed Menkaure
  2130 | D:4      | Noticed a centaur
  2137 | D:4      | Slain by Menkaure

Illustrated notes

Levels and vault maps discovered:
D:1:      psy_arrival_statuary, layout_basic, basic_ecumenical_altar
D:2:      layout_basic, serial_shops, shop, uniq_jessica
D:3:      layout_loops_ring, nicolae_overflow_ecumenical_swirl, fedhas_altar_3,
          serial_shops, nicolae_diamond_shop, chequers_serial_rivers_room_a
D:4:      layout_loops_ring, gup_sewer_entry_glass, serial_undead,
          serial_undead_e, serial_undead_c, serial_undead_d, serial_undead_e,
          serial_undead_d, serial_undead_e, minmay_hollow_rounded_squares,
          uniq_menkaure, uniq_grinder

Skill      XL: |  1  2  3  4 |
---------------+-------------+-----
Fighting       | 4 |  4.2
Shields        | 4 |  4.2
Armour         | 4 |  4.2
Maces & Flails | 3 |  3.1

Action                     |  1- 3 |  4- 6 || total
---------------------------+-------+-------++-------
  Melee: Flail             |    11 |     5 ||    16
         Mace              |    51 |    53 ||   104
    Use: Scroll            |       |     6 ||     6
 Armour: Scale mail        |    15 |       ||    15
         Chain mail        |    30 |    39 ||    69
         Skin              |     1 |       ||     1
  Dodge: Dodged            |    29 |    10 ||    39
  Block: Buckler           |     9 |    12 ||    21

Table legend: (Time is in decaauts)
 A = Elapsed time spent in this place.
 B = Non-inter-level travel time spent in this place.
 C = Inter-level travel time spent in this place.
 D = Time resting spent in this place.
 E = Time spent auto-exploring this place.
 F = Levels seen in this place.
 G = Mean time per level.
                   A        B        C        D        E       F      G
               +--------+--------+--------+--------+--------+-----+--------+
         Total |   2171 |   2078 |     93 |      0 |   1694 |   4 |  542.8 |
       Dungeon |   2171 |   2078 |     93 |      0 |   1694 |   4 |  542.8 |
               +--------+--------+--------+--------+--------+-----+--------+

Top non-repeatable levels by time:
     D:2: 778 daAuts
     D:3: 709 daAuts
     D:1: 667 daAuts
     D:4: 16 daAuts
